 Dungeon Crawl Stone Soup version 0.31-a0-662-g684573625c (webtiles) character file.

Game seed: 8307043500999266894

455 LobsterGuardian the Cudgeller (level 7, -15/105 HPs)
             Began as a Naga Berserker on Aug 31, 2023.
             Was a Believer of Trog.
             Demolished by Menkaure (16 damage)
             ... on level 5 of the Dungeon on Sept 1, 2023.
             The game lasted 00:09:32 (3512 turns).

LobsterGuardian the Cudgeller (Naga Berserker)      Turns: 3512, Time: 00:09:33

Health: -15/105    AC: 23    Str: 21      XL:     7   Next: 5%
Magic:  7/7        EV:  1    Int:  5 (7)  God:    Trog [**....]
Gold:   206        SH:  0    Dex: 17      Spells: 6/6 levels left

rFire   . . .        a - +1 mace
rCold   . . .        (no shield)
rNeg    . . .        b - melded +0 animal skin
rPois   +            (helmet currently unavailable)
rElec   .            t - melded scarf {rC+ rF+}
rCorr   .            (gloves currently unavailable)
SInv    +            (no barding)
Will    ++...        l - amulet of faith
Stlth   ++           s - +6 ring of dexterity
HPRegen 1.37/turn    (no ring)
MPRegen 0.10/turn

%: faith
@: tree-form, strong-willed, on berserk cooldown, regenerating, slowed, very
slow
A: stationary, stasis, torment immunity, boosted hp, AC +2, large, see
invisible, (deformed body), (poison resistance), (slowness 2), spit poison 1,
(naga tail 1), deterioration 1, robust 1
a: Spit Poison, Renounce Religion, Berserk, Trog's Hand


You were on level 5 of the Dungeon.
You worshipped Trog.
Trog was pleased with you.
You were a tree.
You visited 1 branch of the dungeon, and saw 5 of its levels.

You collected 206 gold pieces.

Inventory:

Hand Weapons
 a - a +1 mace (weapon)
Missiles
 z - a throwing net
Armour
 b - a +0 animal skin (melded)
 i - a +0 cloak
 t - a scarf of resistance (melded)
Jewellery
 g - a ring of ice
 l - an amulet of faith (around neck)
 s - a +6 ring of dexterity (left branch)
Wands
 j - a wand of mindburst (9)
 v - a wand of polymorph (12)
 A - a wand of acid (6)
Scrolls
 d - 2 scrolls of teleportation
 n - a scroll of summoning {unknown}
 o - a scroll of noise {unknown}
 p - a scroll of poison {unknown}
 q - a scroll of acquirement {unknown}
 u - a scroll of enchant weapon
 w - a scroll of enchant armour {unknown}
 y - a scroll of vulnerability {unknown}
Potions
 f - a potion of cancellation
 h - a potion of haste {unknown}
 k - 2 potions of enlightenment
 r - a potion of brilliance
 x - a potion of degeneration {unknown}


   Skills:
 + Level 4.2 Fighting
 * Level 6.5 Maces & Flails
 + Level 1.6 Armour
 + Level 2.5 Dodging


You had 6 spell levels left.
You didn't know any spells.
Your spell library was empty.

Dungeon Overview and Level Annotations

Branches:
Dungeon (5/15)             Temple (0/1) D:4

Altars:
Hepliaklqana
Okawaru

Annotations:
D:5 Menkaure


Innate Abilities, Weirdness & Mutations

You are a tree.
Your roots penetrate the ground, keeping you stationary.
You cannot be teleported.
You are immune to unholy pain and torment.
Your maximum health is greatly increased.
Your equipment is partially melded.
((Your serpentine skin is tough. (AC +2)))
You have supernaturally acute eyesight. (SInv)
((Armour fits poorly on your strangely shaped body.))
((Your system is resistant to poisons. (rPois)))
((You cover ground very slowly.))
You can spit poison.
((You have a snake-like lower body.))
Your body sometimes deteriorates upon taking damage.
You are robust. (+10% HP)


Message History

The ufetubus misses you.
The ufetubus hits you but does no damage.
The ufetubus hits you.
* * * LOW HITPOINT WARNING * * *
An adder comes into view.
Menkaure casts a spell.
Menkaure seems to speed up.
The ufetubus closely misses you. The ufetubus hits you.
* * * LOW HITPOINT WARNING * * *
You feel better. The ufetubus hits you.
* * * LOW HITPOINT WARNING * * *
The ufetubus closely misses you.
Your skin crawls.
You feel strong-willed. Menkaure completely misses you.
The shadow imp closely misses you.
Unknown command.
Unknown command.
You barely miss Menkaure.
Menkaure is heavily damaged.
Menkaure calls on the powers of darkness!
Your body is wracked with pain!
* * * LOW HITPOINT WARNING * * *
Your body deteriorates!
You feel dopey.
The hound convulses!
The shadow imp hits you.
* * * LOW HITPOINT WARNING * * *
Menkaure calls on the powers of darkness!
Your body is wracked with pain!
* * * LOW HITPOINT WARNING * * *
The adder convulses!
The hound convulses!
The shadow imp hits you.
* * * LOW HITPOINT WARNING * * *
Unknown command.
It was a potion of lignification.
You turn into a tree.
Your scarf of resistance melds into your body.
Your +0 animal skin melds into your body.
You feel hot and cold all over.
Your roots penetrate the ground.
Menkaure hits you!
* * * LOW HITPOINT WARNING * * *
The shadow imp hits you but does no damage.
Menkaure hits you!
You die...

.≈≈. ♣♣. ....
.PP. #/.##....
#......#
##+####......#
#.....#....#
.......h5#
#.....#5##
+.....M♣#
#.>...S<#
...........#
......####.#
...... #
...... .#+###


You could see Menkaure (fast), a hound, an adder, a shadow imp and an ufetubus.

Vanquished Creatures
  Duvessa (D:4)
  A phantom (D:4)
  Dowan (D:4)
  An iguana (D:4)
  Terence (D:3)
  Ijyb (D:5)
  An orc wizard (D:3)
  4 adders
  A worm (D:3)
  A dart slug (D:4)
  4 orcs
  7 ball pythons
  4 bats (D:1)
  8 endoplasms
  3 giant cockroaches
  8 goblins
  15 hobgoblins
  8 kobolds
  3 quokkas
  5 frilled lizards
  A rat (D:2)
79 creatures vanquished.

Notes
Turn   | Place    | Note
-------+----------+-------------------------------------------
     0 | D:1      | LobsterGuardian the Naga Berserker began the quest for the
                  | Orb.
     0 | D:1      | Reached XP level 1. HP: 21/21 MP: 1/1
   207 | D:1      | Reached XP level 2. HP: 28/28 MP: 2/2
   625 | D:1      | Reached XP level 3. HP: 29/34 MP: 3/3
   920 | D:2      | Reached ** piety under Trog
   951 | D:2      | Found an iron altar of Okawaru.
  1036 | D:2      | Reached skill level 4 in Maces & Flails
  1250 | D:2      | Reached XP level 4. HP: 26/42 MP: 4/4
  1957 | D:3      | Noticed Terence
  1966 | D:3      | Killed Terence
  2403 | D:3      | Reached XP level 5. HP: 31/50 MP: 5/5
  2576 | D:3      | Identified the +8 halberd of Midnight {elec, Drain rPois
                  | Dex+3}
  2604 | D:3      | Reached skill level 5 in Maces & Flails
  2681 | D:3      | Found a faded altar of an unknown god.
  2919 | D:4      | Found a staircase to the Ecumenical Temple.
  3022 | D:4      | Found a hazy altar of Hepliaklqana.
  3022 | D:4      | Noticed a phantom
  3034 | D:4      | Killed a phantom
  3035 | D:4      | Reached XP level 6. HP: 57/57 MP: 6/6
  3151 | D:4      | Noticed Dowan
  3152 | D:4      | Noticed Duvessa
  3165 | D:4      | Killed Duvessa
  3166 | D:4      | Reached skill level 6 in Maces & Flails
  3178 | D:4      | Gained mutation: Your mind is acute. (Int +4, Str/Dex -1)
                  | [potion of mutation]
  3178 | D:4      | Gained mutation: Your body sometimes deteriorates upon
                  | taking damage. [potion of mutation]
  3178 | D:4      | Lost mutation: Your mind is acute. (Int +4, Str/Dex -1)
                  | [potion of mutation]
  3178 | D:4      | Gained mutation: You are robust. (+10% HP) [potion of
                  | mutation]
  3186 | D:4      | Killed Dowan
  3496 | D:5      | Entered Level 5 of the Dungeon
  3496 | D:5      | Noticed Ijyb
  3498 | D:5      | Noticed Menkaure
  3501 | D:5      | Killed Ijyb
  3502 | D:5      | Reached XP level 7. HP: 70/70 MP: 7/7
  3512 | D:5      | HP: 1/105 [Menkaure (10)]
  3512 | D:5      | Demolished by Menkaure

Illustrated notes

Levels and vault maps discovered:
D:1:      nicolae_arrival_washed_ashore, layout_loops_corners,
          palyth_stone_intersect
D:2:      layout_basic, basic_altar, nicolae_hexahallways
D:3:      cheibrodos_old_hovel, layout_loops_ring,
          dreamdust_ecumenical_altar_hidden_monk_grotto, uniq_terence
D:4:      layout_basic, lemuel_round_altar, minmay_temple_entry_gardened_gates,
          uniq_duvessa
D:5:      layout_basic, kennysheep_vampire_church, serial_demonic,
          serial_demonic_e, serial_demonic_b, serial_demonic_e,
          serial_demonic_e, serial_demonic_g, serial_demonic_e,
          serial_demonic_e, gup_sewer_entry_glass, grunt_decor_one_mirror,
          uniq_menkaure, uniq_prince_ribbit1, uniq_ijyb

Skill      XL: |  1  2  3  4  5  6 |
---------------+-------------------+-----
Maces & Flails | 4 5 6 |  6.5
Dodging        | 2 |  2.5
Fighting       | 4 |  4.2
Armour         | |  1.6

Action                     |  1- 3 |  4- 6 |  7- 9 || total
---------------------------+-------+-------+-------++-------
  Melee: Mace              |    91 |   124 |     3 ||   218
         Punch             |     1 |     2 |       ||     3
 Invoke: Berserk           |       |     5 |       ||     5
         Trog's Hand       |       |     1 |     1 ||     2
Ability: Spit Poison       |    16 |    26 |       ||    42
  Evoke: Wand              |       |     2 |       ||     2
    Use: Scroll            |     1 |     4 |       ||     5
         Potion            |       |     6 |     2 ||     8
   Stab: Sleeping          |     1 |       |       ||     1
 Armour: Animal skin       |    60 |    87 |    11 ||   158
         Skin              |       |       |     3 ||     3
  Dodge: Dodged            |    42 |    61 |    13 ||   116

Table legend: (Time is in decaauts)
 A = Elapsed time spent in this place.
 B = Non-inter-level travel time spent in this place.
 C = Inter-level travel time spent in this place.
 D = Time resting spent in this place.
 E = Time spent auto-exploring this place.
 F = Levels seen in this place.
 G = Mean time per level.
                   A        B        C        D        E       F      G
               +--------+--------+--------+--------+--------+-----+--------+
         Total |   4498 |   4389 |    109 |      2 |   3712 |   5 |  899.6 |
       Dungeon |   4498 |   4389 |    109 |      2 |   3712 |   5 |  899.6 |
               +--------+--------+--------+--------+--------+-----+--------+

Top non-repeatable levels by time:
     D:2: 1260 daAuts
     D:1: 1216 daAuts
     D:3: 1066 daAuts
     D:4: 937 daAuts
     D:5: 17 daAuts
